 Dungeon Sprint DCSS version 0.31-a0-986-g5e6e4ef867 (webtiles) character file.

Game seed: 6704850951368573436

272 rocky1 the Grappler (level 8, -5/87 HPs)
             Began as an Octopode Shapeshifter on Nov 17, 2023.
             Was an Initiate of Gozag.
             Slain by Aizul (8 damage)
             ... in the Dungeon (Sprint VI: "Thunderdome").
             The game lasted 00:07:56 (611 turns).

rocky1 the Grappler (Octopode Shapeshifter)          Turns: 611, Time: 00:07:56

Health: -5/87      AC:  1    Str: 12    XL:     8   Next: 90%
Magic:  8/8        EV: 18    Int: 20    God:    Gozag
Gold:   75         SH:  0    Dex: 19    Spells: 7/7 levels left

rFire   + +          +
                       - Unarmed
rCold   + + +        (no shield)
rNeg    + + +        (helmet currently unavailable)
rPois   +            o - amulet "Copo Gee" {RegenMP Drain Str+5 Stlth+}
rElec   +            x - ring "Mink" {Fly rElec rPois rC+ Dex-4}
rCorr   +            y - ring of Tender Moments {rF+++ rN+ Str-2 Dex+4}
SInv    .            w - ring "Fisikia" {rPois rF+ rC+++ rCorr Str-5}
Will    ++...        q - ring of Wary {Will+ Int+5} Stlth
                     v - ring of Starshine {rCorr Int+3}
HPRegen 0.34/turn    s - ring of Sekhejonn {Wiz rPois rC+ Dex+3 Stlth+}
MPRegen 0.51/turn    t - ring of Henotheism {rElec rF+ rC+ rN+ Dex+3}
                     n - ring "Somagurph" {rC++ rN+ Slay+3}

%: no teleportation, wizardry (x1)
@: berserking, beast-form, resistant, gold aura, enlightened, flying, hasted,
very quick
A: beast (slay +4), almost no armour, amphibious, 8 rings, camouflage 1,
gelatinous body 1, (nimble swimmer 1), tentacles
a: Begin Untransformation, Renounce Religion, Potion Petition, Call Merchant,
Bribe Branch


You were in the Dungeon.
You worshipped Gozag.
Gozag was noncommittal.
You were a hulking beast.
You visited 1 branch You collected 1860 gold pieces.
You spent 1395 gold pieces at shops.
You paid 390 gold pieces to Gozag.

Inventory:

Jewellery
 n - the ring "Somagurph" (on tentacle) {rC++ rN+ Slay+3}
   (You bought it in a shop in the Dungeon)

   [ring of positive energy]

   Slay+3:    It affects your accuracy & damage with ranged weapons and melee
   (+3).
   rC++:      It greatly protects you from cold.
   rN+:       It protects you from negative energy.
 o - the amulet "Copo Gee" (around mantle) {RegenMP Drain Str+5 Stlth+}
   (You bought it in a shop in the Dungeon)

   [amulet of magic regeneration]

   RegenMP:   It increases your rate of magic regeneration.
   Str+5:     It affects your strength (+5).
   Drain:     It drains your maximum health when unequipped.
   Stlth+:    It makes you more stealthy.
 p - the ring of Xareaf {rPois Int+5}
   (You bought it in a shop in the Dungeon)

   [ring of poison resistance]

   Int+5:     It affects your intelligence (+5).
   rPois:     It protects you from poison
 q - the ring of Wary (on tentacle) {Will+ Int+5}
   (You bought it in a shop in the Dungeon)

   [ring of willpower]

   Int+5:     It affects your intelligence (+5).
   Will+:     It increases your willpower.
 r - the ring "Forget-Me-Not" {Fly Int+2}
   (You bought it in a shop in the Dungeon)

   [ring of flight]

   Int+2:     It affects your intelligence (+2).
   Fly:       It grants you flight.
 s - the ring of Sekhejonn (on tentacle) {Wiz rPois rC+ Dex+3 Stlth+}
   (You bought it in a shop in the Dungeon)

   [ring of wizardry]

   Wiz:       It improves your spell success rate.
   Dex+3:     It affects your dexterity (+3).
   rC+:       It protects you from cold.
   rPois:     It protects you from poison Stlth+: It makes you more stealthy.
 t - the ring of Henotheism (on tentacle) {rElec rF+ rC+ rN+ Dex+3}
   (You bought it in a shop in the Dungeon)

   [ring of protection from fire]

   Dex+3:     It affects your dexterity (+3).
   rF+:       It protects you from fire.
   rC+:       It protects you from cold.
   rElec:     It insulates you from electricity.
   rN+:       It protects you from negative energy.
 u - the ring of Jilohone {Fly Str+3 Int+5}
   (You bought it in a shop in the Dungeon)

   [ring of flight]

   Str+3:     It affects your strength (+3).
   Int+5:     It affects your intelligence (+5).
   Fly:       It grants you flight.
 v - the ring of Starshine (on tentacle) {rCorr Int+3}
   (You bought it in a shop in the Dungeon)

   [ring of resist corrosion]

   Int+3:     It affects your intelligence (+3).
   rCorr:     It protects you from acid and corrosion.
 w - the ring "Fisikia" (on tentacle) {rPois rF+ rC+++ rCorr Str-5}
   (You bought it in a shop in the Dungeon)

   [ring of protection from fire]

   Str-5:     It affects your strength (-5).
   rF+:       It protects you from fire.
   rC+++:     It renders you almost immune to cold.
   rPois:     It protects you from poison rCorr: It protects you from acid and
   corrosion.
 x - the ring "Mink" (left tentacle) {Fly rElec rPois rC+ Dex-4}
   (You bought it in a shop in the Dungeon)

   [ring of protection from cold]

   Dex-4:     It affects your dexterity (-4).
   rC+:       It protects you from cold.
   rElec:     It insulates you from electricity.
   rPois:     It protects you from poison Fly: It grants you flight.
 y - the ring of Tender Moments (right tentacle) {rF+++ rN+ Str-2 Dex+4}
   (You bought it in a shop in the Dungeon)

   [ring of positive energy]

   Str-2:     It affects your strength (-2).
   Dex+4:     It affects your dexterity (+4).
   rF+++:     It renders you almost immune to fire.
   rN+:       It protects you from negative energy.
 z - the ring of Lekif {Fly Will+}
   (You bought it in a shop in the Dungeon)

   [ring of flight]

   Will+:     It increases your willpower.
   Fly:       It grants you flight.
Talismans
 b - a beast talisman
 c - a flux talisman
 A - a dragon-blood talisman
 B - a blade talisman
Wands
 l - a wand of roots (1)
Scrolls
 i - 4 scrolls of blinking
 m - 3 scrolls of fog
Potions
 a - a potion of lignification
 d - a potion of curing
 e - 3 potions of heal wounds
 f - 3 potions of haste
 g - 2 potions of magic
 j - a potion of resistance


   Skills:
 + Level 6.8 Fighting
 + Level 7.9 Dodging
 * Level 12.2 Unarmed Combat
 - Level 2.4 Evocations
 * Level 10.8 Shapeshifting


You had 7 spell levels left.
You didn't know any spells.
Your spell library was empty.

Dungeon Overview and Level Annotations

Branches:
Dungeon (1/1)

Altars:
Cheibriados
Dithmenos
Fedhas
Gozag
Kikubaaqudgha
Makhleb
Okawaru
Qazlal
Ru
Sif Muna
Trog
Uskayaw
Vehumet
Wu Jian
Xom
Yredelemnul
Zin
The Shining One
Lugonu

Shops:
D [=??*?*:[((!!!!

Annotations:
D Aizul


Innate Abilities, Weirdness & Mutations

You are a hulking beast.
Your limbs bulge with bestial killing power. (Slay +4)
You cannot wear most types of armour.
You are amphibious.
You can wear up to eight rings at the same time.
Your skin changes colour to match your surroundings (Stealth+).
Your rubbery body absorbs attacks. (AC +1, EV +1)
((You are camouflaged when in or above water. (Stealth+)))
You have tentacles for arms and can constrict up to eight enemies at once.


Message History

The naga warrior is heavily wounded.
You bludgeon the naga warrior!
The naga warrior is severely wounded.
Aizul hits you!
The naga warrior hits you with a +0 long sword!!
* * * LOW HITPOINT WARNING * * *
The naga warrior constricts you.
* * * LOW HITPOINT WARNING * * *
You batter the naga warrior!!
You kill the naga warrior!
Aizul is distracted by your dazzling golden aura.
Your Fighting skill increases to level 6!
Your Unarmed Combat skill increases to level 12!
Your Shapeshifting skill increases to level 10!
Unknown command.
Unknown command.
You miss Aizul.
Aizul is no longer distracted by gold.
Aizul shouts!
Your tentacle-slap misses Aizul.
You squeeze Aizul.
Aizul is lightly wounded.
Unknown command.
You tentacle-slap Aizul.
Aizul is lightly wounded.
Aizul completely misses you.
You closely miss Aizul.
Your tentacle-slap misses Aizul.
Aizul is lightly wounded.
Aizul hits you.
* * * LOW HITPOINT WARNING * * *
You bludgeon Aizul! Your squeeze misses Aizul.
Aizul is lightly wounded.
Aizul closely misses you.
You batter Aizul!! You squeeze Aizul!
Aizul is heavily wounded.
A naga comes into view. It is wielding a +0 halberd.
The naga shouts!
You batter Aizul!! You squeeze Aizul!
Aizul is severely wounded.
Aizul hits you!
You die...
Your body crumbles into a pile of gold.

#.....# ##.....##
##∩[....∩## #∩.......∩#
#_......._# #_......._#
#.........#
###.........###
#⌠..........hN#
#####.8........S8$######
∩___......###......___∩##
........8.# #.8........∩#
..........###............
.......###...###.........
.......# #.<.# #.........
.......###...###.........
..........###............


You could see Aizul and a naga.

Vanquished Creatures
  A naga warrior (D)
  A water elemental (D)
  Sigmund (D)
  3 ice beasts (D)
  2 necrophages (D)
  A wight (D)
  6 vampire bats (D)
  An orc (D)
  A giant cockroach (D)
  A goblin (D)
  A hobgoblin (D)
  A giant cockroach simulacrum (D)
  A quokka simulacrum (D)
  2 quokka skeletons (D)
23 creatures vanquished.

Notes
Turn   | Place    | Note
-------+----------+-------------------------------------------
     0 | D        | rocky1 the Octopode Shapeshifter began the quest for the
                  | Orb.
     0 | D        | Reached XP level 1. HP: 13/13 MP: 1/1
     3 | D        | Found a sacrificial altar of Ru.
     4 | D        | Found an ancient bone altar of Kikubaaqudgha.
     4 | D        | Found a radiant altar of Vehumet.
     5 | D        | Found a stormy altar of Qazlal.
     5 | D        | Found a snail-covered altar of Cheibriados.
     5 | D        | Round 1.
     6 | D        | Found Reisoosa's Timeless Talismans.
     6 | D        | Found a corrupted altar of Lugonu.
     6 | D        | Found a shimmering altar of Xom.
     6 | D        | Found Buonel's Identification Station.
     7 | D        | Found Kediducw's Jewellery.
     7 | D        | Found Xoxubbib's Advanced Armour.
    16 | D        | Bought a flickering marble ring for 45 gold pieces
    16 | D        | Identified the ring of Qimy {Wiz rC- Str+5 SInv Stlth+}
                  | (You bought it in a shop in the Dungeon)
    16 | D        | Bought a pitted bone amulet for 45 gold pieces
    16 | D        | Identified the amulet "Copo Gee" {RegenMP Drain Str+5
                  | Stlth+} (You bought it in a shop in the Dungeon)
    16 | D        | Bought a wavering ruby amulet for 45 gold pieces
    16 | D        | Identified the amulet "Kedirou" {Faith rElec MP+9} (You
                  | bought it in a shop in the Dungeon)
    16 | D        | Bought a flickering ruby amulet for 45 gold pieces
    16 | D        | Identified the amulet "Ziv Buch" {Acrobat Fly rF+} (You
                  | bought it in a shop in the Dungeon)
    24 | D        | Found a burning altar of Makhleb.
    25 | D        | Found a shimmering blue altar of Sif Muna.
    26 | D        | Found a hide-covered altar of Uskayaw.
    27 | D        | Found Yzuhiemesh's Premium Goods.
    28 | D        | Found Budomih's Miscellaneous Merchandise.
    28 | D        | Found Patamobe's Basic Armour.
    29 | D        | Found an opulent altar of Gozag.
    29 | D        | Found a glowing silver altar of Zin.
    29 | D        | Found Mont's Weapon Rack.
    33 | D        | Noticed Sigmund
    41 | D        | Killed Sigmund
    42 | D        | Reached skill level 6 in Unarmed Combat
    42 | D        | Reached XP level 2. HP: 18/18 MP: 2/2
    42 | D        | Reached XP level 3. HP: 23/23 MP: 3/3
    42 | D        | Reached XP level 4. HP: 28/28 MP: 4/4
    42 | D        | Reached XP level 5. HP: 33/33 MP: 5/5
    68 | D        | Found an ornate altar of the Wu Jian Council.
    69 | D        | Found Reuf Lupn's Do-It-Yourself Clinic.
    71 | D        | Found Ruositurr's Bottled Wisdom.
    71 | D        | Found Hangesi's Distillery.
    73 | D        | Found an iron altar of Okawaru.
    73 | D        | Found a glowing golden altar of the Shining One.
    73 | D        | Found a shadowy altar of Dithmenos.
    73 | D        | Found Nuduim Durch's Distillery.
    79 | D        | Found a blossoming altar of Fedhas.
    80 | D        | Found a basalt altar of Yredelemnul.
    83 | D        | Found Paharum's Staff Store.
    84 | D        | Found a bloodstained altar of Trog.
    84 | D        | Found Cawagh's Magic Scroll Shop.
    85 | D        | Found Ufytum's Must-Have Magic.
    85 | D        | Found Laistiemm's Magic Scroll Shop.
   113 | D        | Arena points: 12 (+12) [x2]
   114 | D        | Reached skill level 7 in Unarmed Combat
   130 | D        | Round 2.
   133 | D        | Became a worshipper of Gozag Ym Sagoz the Greedy
   168 | D        | Reached skill level 8 in Unarmed Combat
   168 | D        | Reached XP level 6. HP: 40/41 MP: 6/6
   189 | D        | Reached skill level 5 in Dodging
   226 | D        | Arena points: 48 (+36) [x3]
   297 | D        | Round 3.
   304 | D        | Noticed a water elemental
   314 | D        | Killed a water elemental
   315 | D        | Reached skill level 9 in Unarmed Combat
   315 | D        | Reached XP level 7. HP: 17/48 MP: 7/7
   334 | D        | Reached skill level 10 in Unarmed Combat
   420 | D        | Reached skill level 5 in Fighting
   424 | D        | Arena points: 132 (+84) [x4]
   493 | D        | Round 4.
   506 | D        | Reached skill level 11 in Unarmed Combat
   506 | D        | Reached XP level 8. HP: 54/56 MP: 8/8
   526 | D        | Bought a heavily runed copper ring for 45 gold pieces
   526 | D        | Identified the ring "Fuokhukhlo" {Fire Dex+3 Stlth+} (You
                  | bought it in a shop in the Dungeon)
   526 | D        | Bought a sparkling lead ring for 45 gold pieces
   526 | D        | Identified the ring of Sekhejonn {Wiz rPois rC+ Dex+3
                  | Stlth+} (You bought it in a shop in the Dungeon)
   526 | D        | Bought a scorched brass ring for 45 gold pieces
   526 | D        | Identified the ring of Henotheism {rElec rF+ rC+ rN+ Dex+3}
                  | (You bought it in a shop in the Dungeon)
   526 | D        | Bought a slimy lapis lazuli ring for 45 gold pieces
   526 | D        | Identified the ring of Jilohone {Fly Str+3 Int+5} (You
                  | bought it in a shop in the Dungeon)
   526 | D        | Bought an ancient brass ring for 45 gold pieces
   526 | D        | Identified the ring of Starshine {rCorr Int+3} (You bought
                  | it in a shop in the Dungeon)
   526 | D        | Bought a slimy iron ring for 45 gold pieces
   526 | D        | Identified the ring "Fisikia" {rPois rF+ rC+++ rCorr Str-5}
                  | (You bought it in a shop in the Dungeon)
   526 | D        | Bought a pitted glass ring for 45 gold pieces
   526 | D        | Identified the ring "Mink" {Fly rElec rPois rC+ Dex-4} (You
                  | bought it in a shop in the Dungeon)
   526 | D        | Bought a pitted platinum ring for 45 gold pieces
   526 | D        | Identified the ring of Tender Moments {rF+++ rN+ Str-2
                  | Dex+4} (You bought it in a shop in the Dungeon)
   537 | D        | Bought a twitching copper ring for 45 gold pieces
   537 | D        | Identified the ring "Somagurph" {rC++ rN+ Slay+3} (You
                  | bought it in a shop in the Dungeon)
   537 | D        | Bought a twitching copper ring for 45 gold pieces
   537 | D        | Identified the ring of Xareaf {rPois Int+5} (You bought it
                  | in a shop in the Dungeon)
   537 | D        | Bought a steaming brass ring for 45 gold pieces
   537 | D        | Identified the ring of Wary {Will+ Int+5} (You bought it in
                  | a shop in the Dungeon)
   537 | D        | Bought a transparent bone ring for 45 gold pieces
   537 | D        | Identified the ring "Forget-Me-Not" {Fly Int+2} (You bought
                  | it in a shop in the Dungeon)
   537 | D        | Bought a warped marble ring for 45 gold pieces
   537 | D        | Identified the ring of Lekif {Fly Will+} (You bought it in
                  | a shop in the Dungeon)
   542 | D        | Bought a dragon-blood talisman for 420 gold pieces
   542 | D        | Bought a blade talisman for 210 gold pieces
   568 | D        | Arena points: 272 (+140) [x5]
   583 | D        | Round 5.
   592 | D        | Noticed a naga warrior
   593 | D        | Identified the serpent talisman of Laipnooc {rElec Will+
                  | Dex+3}
   593 | D        | Noticed Aizul
   605 | D        | Killed a naga warrior
   606 | D        | Reached skill level 12 in Unarmed Combat
   606 | D        | Reached skill level 10 in Shapeshifting
   608 | D        | HP: 2/87 [Aizul (5)]
   611 | D        | Slain by Aizul

Illustrated notes

Levels and vault maps discovered:
D:        arena_sprint

Skill      XL: |  1  2  3  4  5  6  7  8 |
---------------+-------------------------+-----
Dodging        | 3 4 5 6 7 |  7.9
Unarmed Combat | 6 8 9 11 12 | 12.2
Evocations     | 2 |  2.4
Shapeshifting  | 7 8 9 10 | 10.8
Fighting       | 2 4 5 6 |  6.8

Action                     |  1- 3 |  4- 6 |  7- 9 || total
---------------------------+-------+-------+-------++-------
  Melee: Unarmed           |       |    21 |    33 ||    54
         Constrict         |       |     4 |     2 ||     6
         Tentacles         |       |     6 |     8 ||    14
         Punch             |       |       |     1 ||     1
 Invoke: Potion Petition   |       |       |     1 ||     1
  Evoke: Wand              |     5 |       |     4 ||     9
    Use: Potion            |       |       |     3 ||     3
 Armour: Skin              |       |     6 |    11 ||    17
  Dodge: Dodged            |     1 |     8 |    30 ||    39

Table legend: (Time is in decaauts)
 A = Elapsed time spent in this place.
 B = Non-inter-level travel time spent in this place.
 C = Inter-level travel time spent in this place.
 D = Time resting spent in this place.
 E = Time spent auto-exploring this place.
 F = Levels seen in this place.
 G = Mean time per level.
                   A        B        C        D        E       F      G
               +--------+--------+--------+--------+--------+-----+--------+
         Total |    593 |    593 |      0 |    191 |     35 |   1 |  593.0 |
       Dungeon |    593 |    593 |      0 |    191 |     35 |   1 |  593.0 |
               +--------+--------+--------+--------+--------+-----+--------+

Top non-repeatable levels by time:
       D: 593 daAuts
